 Dungeon Crawl Stone Soup version 0.15-a0-411-g153a95e (console) character file.

494 xw the Chopper (level 6, -5/37 HPs)
             Began as a Gargoyle Fighter on May 4, 2014.
             Slain by xw's ghost (9 damage)
             ... on Level 4 of the Dungeon.
             The game lasted 00:01:35 (3933 turns).

xw the Chopper (Gargoyle Fighter)                   Turns: 3933, Time: 00:01:36

HP  -5/37        AC 15     Str 19      XL: 6   Next: 59%
MP   6/6         EV  4     Int  9      God:
Gold 147         SH 18     Dex 11      Spells:  0 memorised,  5 levels left

rFire  . . .     SeeInvis .     Y - +1,+0 war axe {mapnotes,}
rCold  . . .     Clarity  .     l - +0 chain mail
rNeg   + . .     Conserve .     c - +0 shield
rPois  +         rCorr    .     g - +1 helmet
rElec  +         rRot     +     (no cloak)
SustAb . .       Spirit   .     (no gloves)
rMut   .         Warding  .     (no boots)
Saprov . . .     Stasis   .     (no amulet)
MR     .....                    (no ring)
                                (no ring)

@: not resistant to hostile enchantments, extremely unstealthy
A: life protection 1, electricity resistance, unbreathing, petrification
resistance, AC +4
a: no special abilities


You were on level 4 of the Dungeon.
You were not hungry.

You visited 1 branch of the dungeon, and saw 4 of its levels.

You collected 147 gold pieces.

Inventory:

Hand weapons
 Y - a +1,+0 war axe (weapon) {mapnotes,}
Missiles
 m - 128 stones (quivered)
 q - 62 darts
Armour
 c - a +0 shield (worn)
 g - a +1 helmet (worn)
 l - a +0 chain mail (worn)
Magical devices
 a - a wand of cold (3)
Comestibles
 d - 3 bread rations
 p - an apple
 r - 3 rotting chunks of hobgoblin flesh
Scrolls
 f - a scroll of teleportation
 i - 3 scrolls of identify
 j - a scroll of enchant weapon I
Potions
 b - a potion of invisibility
 e - 2 potions of might
 k - a potion of heal wounds


   Skills:
 - Level 3.2 Fighting
 * Level 5.2 Axes
 + Level 3.3 Throwing
 - Level 3.2 Armour
 - Level 3.2 Shields


You had 5 spell levels left.
You didn't know any spells.

Dungeon Overview and Level Annotations

Branches:
Dungeon (4/15)
 Temple: D:4-7

Altars:
Nemelex Xobeh
Trog

Annotations:
D:4 xw's ghost, average GrFi


Innate Abilities, Weirdness & Mutations

You are resistant to torment.
You are immune to poison.
You are immune to rotting.
Your stone body is very resilient (AC +4).
You resist negative energy.
You are resistant to electric shocks.
You can survive without breathing.
You are immune to petrification.


Message History

3915 ||| turn
3916 ||| turn
3917 ||| turn
3918 ||| turn
3919 ||| turn
3920 ||| turn
3921 ||| turn
3922 ||| turn
3923 ||| turn
3924 ||| turn
3925 ||| turn
3926 ||| turn
3927 ||| turn
3928 ||| turn
3929 ||| turn
3930 ||| turn
3931 ||| turn
3932 ||| turn
3933 ||| turn You die...

#############
...............
...............
...............
.................
.......W9..<.....
...(((...........
...............
###############


You could see xw's ghost.

Vanquished Creatures
  A hound (D:4)
  2 orc wizards (D:3)
  A worker ant (D:4)
  Terence (D:2)
  9 adders
  3 gnolls (D:3)
  5 worms
  3 giant geckos
  14 orcs (D:3)
  7 bats
  3 giant cockroaches
  4 goblins
  10 hobgoblins
  2 jackals (D:2)
  5 kobolds
  2 quokkas (D:3)
  A ball python (D:2)
  8 giant newts
  5 rats
86 creatures vanquished.

Notes
Turn   | Place    | Note
--------------------------------------------------------------
     0 | D:1      | xw, the Gargoyle Fighter, began the quest for the Orb.
     0 | D:1      | Reached XP level 1. HP: 14/14 MP: 1/1
    46 | D:1      | Fleeing towards (0,-1) corridor
    47 | D:1      | Fleeing towards (0,-1) corridor
    48 | D:1      | Fleeing towards (0,-1) corridor
   197 | D:1      | Reached XP level 2. HP: 14/19 MP: 2/2
   404 | D:1      | Reached skill level 1 in Throwing
  1048 | D:1      | TESTING POTIONS
  1049 | D:1      | TESTING POTIONS
  1083 | D:1      | TESTING POTIONS
  1084 | D:1      | TESTING SCROLLS
  1153 | D:1      | TESTING POTIONS
  1154 | D:1      | TESTING SCROLLS
  1155 | D:1      | TESTING SCROLLS
  1156 | D:1      | TESTING SCROLLS
  1157 | D:1      | Dropping junk: potion of lignification
  1158 | D:1      | Dropping junk: rotting chunk of hobgoblin flesh
  1159 | D:1      | New armour: helmet (10)
  1161 | D:1      | New armour: chain mail (1010)
  1161 | D:1      | Old armour: +0 scale mail (960)
  1176 | D:1      | Dropping junk armour
  1196 | D:2      | Noticed Terence
  1203 | D:2      | Reached XP level 3. HP: 20/23 MP: 3/3
  1214 | D:2      | Killed Terence
  1214 | D:2      | Reached XP level 4. HP: 15/28 MP: 4/4
  1995 | D:2      | WEARING RING 1 tubular peridot ring
  1996 | D:2      | TESTING POTIONS
  1997 | D:2      | TESTING POTIONS
  1998 | D:2      | TESTING SCROLLS
  1999 | D:2      | TESTING SCROLLS
  2000 | D:2      | Dropping junk: ring of ice
  2149 | D:3      | Reached XP level 5. HP: 32/32 MP: 5/5
  2319 | D:3      | Found a sparkling altar of Nemelex Xobeh.
  2348 | D:3      | Reached skill level 4 in Axes
  2441 | D:3      | Fleeing towards (-3,1) corridor
  2443 | D:3      | Fleeing towards (-1,1) corridor
  3107 | D:3      | Reached XP level 6. HP: 12/37 MP: 6/6
  3400 | D:3      | Fleeing towards (0,5) corridor
  3401 | D:3      | Fleeing towards (0,5) corridor
  3403 | D:3      | Fleeing towards (0,3) corridor
  3405 | D:3      | Fleeing towards (0,1) corridor
  3406 | D:3      | Fleeing towards (0,1) corridor
  3463 | D:3      | Fleeing towards (-1,2) corridor
  3465 | D:3      | Fleeing towards (0,1) corridor
  3466 | D:3      | Fleeing towards (0,1) corridor
  3467 | D:3      | Fleeing towards (0,1) corridor
  3468 | D:3      | Fleeing towards (0,1) corridor
  3469 | D:3      | Fleeing towards (0,1) corridor
  3657 | D:3      | Fleeing towards (0,2) corridor
  3691 | D:3      | Reached skill level 5 in Axes
  3696 | D:3      | Fleeing towards (7,0) corridor
  3698 | D:3      | Fleeing towards (5,0) corridor
  3700 | D:3      | Fleeing towards (3,0) corridor
  3702 | D:3      | Fleeing towards (1,0) corridor
  3703 | D:3      | Fleeing towards (1,0) corridor
  3704 | D:3      | Fleeing towards (1,0) corridor
  3725 | D:3      | Found a bloodstained altar of Trog.
  3817 | D:3      | TESTING SCROLLS
  3818 | D:3      | TESTING SCROLLS
  3819 | D:3      | TESTING SCROLLS
  3820 | D:3      | TRYING WAND
  3887 | D:3      | Enchanting +0 helmet
  3915 | D:4      | Noticed xw's ghost (average GrFi)
  3933 | D:4      | Slain by xw's ghost

Action                   |  1- 3 |  4- 6 || total
-------------------------+-------+-------++-------
Melee: War axe           |    58 |   191 ||   249
Throw: Stone             |     4 |   114 ||   118
Evoke: Wand              |       |     1 ||     1
  Use: Scroll            |     4 |     6 ||    10
       Potion            |     4 |     2 ||     6

Vault maps used:
D:1:      scummos_arrival_forest, serial_forest, infiniplex_forest_straight_2,
          infiniplex_forest_end_1, infiniplex_forest_clump_small,
          infiniplex_forest_end_2, infiniplex_forest_corner_1,
          infiniplex_forest_lined_1
D:2:      first_bread, uniq_terence, uniq_crazy_yiuf_cottage
D:3:      lemuel_coloured_pillars_altar, nemelex_xobeh_ov_fountains_minmay,
          serial_glass, glass_columns_b, glass_columns_a
D:4:      temple_hall, minmay_misc_feat_plants
